 Dungeon Sprint DCSS version 0.29-a0-925-g0a7a3d12f8 (webtiles) character file.

Game seed: 10748014188815210245

375 Hipnos the Carver (level 6, -1/57 HPs)
             Began as a Gnoll Chaos Knight on July 29, 2022.
             Was a Plaything of Xom.
             Succumbed to a water moccasin's poison
             ... in the Dungeon (Sprint II: "The Violet Keep of Menkaure").
             The game lasted 00:01:02 (198 turns).

Hipnos the Carver (Gnoll Chaos Knight)               Turns: 198, Time: 00:01:03

Health: -1/57      AC:  5    Str: 11    XL:     6   Next: 72%
Magic:  12/13      EV: 13    Int: 14    God:    Xom [..*...]
Gold:   243        SH:  0    Dex: 11    Spells: 15/15 levels left

rFire   . . .      SeeInvis .   a - +0 falchion (chaos)
rCold   . . .      Faith    .   (no shield)
rNeg    . . .      Spirit   .   b - +2 leather armour
rPois   .          Reflect  .   (no helmet)
rElec   .          Harm     .   (no cloak)
rCorr   .          Rampage  .   (no gloves)
Will    .....      NoTele   +   (no boots)
Stlth   ++........              (no amulet)
HPRegen 0.19/turn               (no ring)
MPRegen 0.13/turn               (no ring)

@: lethally poisoned (-1 -> -9)
A: fangs 1, strong nose, distributed training
a: Renounce Religion


You were in the Dungeon.
You worshipped Xom.
You were a toy of Xom.
You visited 1 branch You collected 243 gold pieces.

Inventory:

Hand Weapons
 a - a +0 falchion of chaos (weapon)
Armour
 b - a +2 leather armour (worn)
Scrolls
 i - a scroll of blinking
Potions
 f - a potion of haste
 g - 2 potions of magic
Miscellaneous
 c - a piece from Xom's chessboard (15/15) (quivered)


   Skills:
 + Level 8.3 Fighting
 + Level 5.0 Short Blades
 + Level 8.3 Long Blades
 + Level 5.0 Axes
 + Level 5.0 Maces & Flails
 + Level 5.0 Polearms
 + Level 5.0 Staves
 + Level 5.0 Ranged Weapons
 + Level 5.0 Throwing
 + Level 6.9 Armour
 + Level 5.7 Dodging
 + Level 5.0 Stealth
 + Level 5.0 Shields
 + Level 5.0 Unarmed Combat
 + Level 5.0 Spellcasting
 + Level 4.1 Conjurations
 + Level 4.1 Hexes
 + Level 4.1 Summonings
 + Level 4.1 Necromancy
 + Level 4.1 Translocations
 + Level 4.1 Transmutations
 + Level 4.1 Fire Magic
 + Level 4.1 Ice Magic
 + Level 4.1 Air Magic
 + Level 4.1 Earth Magic
 + Level 4.1 Poison Magic
 + Level 5.5 Invocations
 + Level 5.0 Evocations


You had 15 spell levels left.
You didn't know any spells.
Your spell library was empty.

Dungeon Overview and Level Annotations

Branches:
Dungeon (1/1)

Altars:

Shops:
D ?!:=([:!([?:*==

Annotations:
D exclusion: oklob plant


Innate Abilities, Weirdness & Mutations

You have very sharp teeth.
Your uncanny sense of smell can sniff out nearby items.
Your experience applies equally to all skills.


Message History

Okay, then.
You hit Menkaure. You burn Menkaure. You bite Menkaure, but do no damage.
Menkaure is severely damaged.
* * * LOW HITPOINT WARNING * * *
You feel very sick.
Menkaure splashes around in the water.
Menkaure calls on the powers of darkness!
You feel a surge of unholy energy.
You hit Menkaure.
You destroy Menkaure!
* * * LOW HITPOINT WARNING * * *
You feel sick.
Your Short Blades skill increases to level 5!
Your Axes skill increases to level 5!
Your Maces & Flails skill increases to level 5!
Your Polearms skill increases to level 5!
Your Staves skill increases to level 5!
Your Ranged Weapons skill increases to level 5!
Your Throwing skill increases to level 5!
Your Stealth skill increases to level 5!
Your Shields skill increases to level 5!
Your Unarmed Combat skill increases to level 5!
Your Spellcasting skill increases to level 5!
Your Conjurations skill increases to level 4!
Your Hexes skill increases to level 4!
Your Summonings skill increases to level 4!
Your Necromancy skill increases to level 4!
Your Translocations skill increases to level 4!
Your Transmutations skill increases to level 4!
Your Fire Magic skill increases to level 4!
Your Ice Magic skill increases to level 4!
Your Air Magic skill increases to level 4!
Your Earth Magic skill increases to level 4!
Your Poison Magic skill increases to level 4!
Your Invocations skill increases to level 5!
Your Evocations skill increases to level 5!
Found a fuming dark potion, 28 gold pieces and a dented steel amulet.
Found three shops.
You die...
Xom howls with laughter!
D2D cKz e

##########≈≈#++
#########≈≈≈... hh
.......∩#≈≈≈≈.# ∆h
∩.......#≈≈≈≈# ∆3
.∩...∩.∩#≈≈≈≈ 33 3
∩.∩.∩.∩.#≈≈###
.∩.∩.∩..#≈##.###+#
..∩.∩..@#†##..##.##∆B
...⌠....'≈'.##†.<.+
........#≈##..##.## B
▓▓▓▓▓▓###≈##.###+#
!.Z######≈≈### ∆
$$Z#∆s ##≈≈ l l ∩P"
s∆ +#≈ $l∆ ∆ y ≈≈ ll
≈≈


You could see an oklob plant, a spectral quokka, a spectral giant cockroach and
a wyvern (asleep).

Vanquished Creatures
  Menkaure (D)
  A water moccasin (D)
  4 scorpions (D)
6 creatures vanquished.

Notes
Turn   | Place    | Note
-------+----------+-------------------------------------------
     0 | D        | Hipnos the Gnoll Chaos Knight began the quest for the Orb.
     0 | D        | Reached XP level 1. HP: 23/23 MP: 1/1
     1 | D        | Noticed a scorpion
     1 | D        | Noticed a scorpion
     1 | D        | Noticed a scorpion
     1 | D        | Noticed a scorpion
     5 | D        | Killed a scorpion
     6 | D        | Reached skill level 5 in Armour
     6 | D        | Reached XP level 2. HP: 31/31 MP: 1/5
     6 | D        | Reached XP level 3. HP: 36/36 MP: 1/6
     6 | D        | Reached XP level 4. HP: 43/43 MP: 1/7
     8 | D        | Killed a scorpion
     9 | D        | Reached XP level 5. HP: 48/48 MP: 1/9
    14 | D        | XOM: potion effect (invisibility)
    23 | D        | Reached skill level 5 in Dodging
    23 | D        | Reached XP level 6. HP: 30/56 MP: 2/12
    55 | D        | XOM: divination: detect creatures
   182 | D        | Found Qaruot's Antique Armour Emporium.
   182 | D        | Found Bufi Iti's Book Emporium.
   182 | D        | Found Pob Raol's Assorted Antiques.
   182 | D        | Found Iqefimp's Antique Weapon Shoppe.
   182 | D        | Found Fyomuder's Magic Scroll Shoppe.
   183 | D        | Found Xiusant's Distillery.
   183 | D        | Found Fymis's Jewellery Emporium.
   183 | D        | Found Votwon's Jewellery Shoppe.
   183 | D        | Noticed a water moccasin
   184 | D        | Found Douveuse's Book Shoppe.
   184 | D        | Found Apist's Antique Armour Emporium.
   186 | D        | Found Wezxarus's Antique Weapon Emporium.
   186 | D        | Found Quruc's Jewellery Shoppe.
   186 | D        | Noticed Menkaure
   186 | D        | Noticed an oklob plant
   193 | D        | Killed a water moccasin
   196 | D        | HP: 2/56 [poisoned by a water moccasin]
   197 | D        | Killed Menkaure
   198 | D        | Reached skill level 5 in Short Blades
   198 | D        | Reached skill level 5 in Axes
   198 | D        | Reached skill level 5 in Maces & Flails
   198 | D        | Reached skill level 5 in Polearms
   198 | D        | Reached skill level 5 in Staves
   198 | D        | Reached skill level 5 in Ranged Weapons
   198 | D        | Reached skill level 5 in Throwing
   198 | D        | Reached skill level 5 in Stealth
   198 | D        | Reached skill level 5 in Shields
   198 | D        | Reached skill level 5 in Unarmed Combat
   198 | D        | Reached skill level 5 in Spellcasting
   198 | D        | Reached skill level 5 in Invocations
   198 | D        | Reached skill level 5 in Evocations
   198 | D        | Found Nuhef's Distillery.
   198 | D        | Found Digutet's Magic Scroll Emporium.
   198 | D        | Found Yqil's Book Shoppe.
   198 | D        | Noticed a wyvern
   198 | D        | Succumbed to a water moccasin's poison

Illustrated notes

Levels and vault maps discovered:
D:        the_violet_keep_of_menkaure [sprint2_stairs_cluster_1,
          sprint2_shoproom, sprint2_temple, sprint2_basic_supplies,
          sprint2_obstacle_1, sprint2_obstacle_7, sprint2_obstacle_3,
          sprint2_obstacle_4, sprint2_obstacle_2, sprint2_timed_cluster_1,
          sprint2_smallroom_cluster_1, sprint2_smallroom_final_cluster_1,
          sprint2_transparent_cluster_1, sprint2_second_timed_cluster_1,
          sprint2_sniper_area_1, sprint2_heavy_combat_area_1,
          sprint2_mutation_trap_area_1, sprint2_forest_area_1,
          sprint2_light_combat_area_1, sprint2_behind_water_1,
          sprint2_near_end_vault_1]

Skill      XL: |  1  2  3  4  5  6 |
---------------+-------------------+-----
Fighting       | 7 8 |  8.3
Short Blades   | 2 3 4 5 |  5.0
Long Blades    | 7 8 |  8.3
Axes           | 2 3 4 5 |  5.0
Maces & Flails | 2 3 4 5 |  5.0
Polearms       | 2 3 4 5 |  5.0
Staves         | 2 3 4 5 |  5.0
Ranged Weapons | 2 3 4 5 |  5.0
Throwing       | 2 3 4 5 |  5.0
Armour         | 5 6 |  6.9
Dodging        | 3 4 5 |  5.7
Stealth        | 2 3 4 5 |  5.0
Shields        | 2 3 4 5 |  5.0
Unarmed Combat | 2 3 4 5 |  5.0
Spellcasting   | 2 3 4 5 |  5.0
Conjurations   | 2 3 4 |  4.1
Hexes          | 2 3 4 |  4.1
Summonings     | 2 3 4 |  4.1
Necromancy     | 2 3 4 |  4.1
Translocations | 2 3 4 |  4.1
Transmutations | 2 3 4 |  4.1
Fire Magic     | 2 3 4 |  4.1
Ice Magic      | 2 3 4 |  4.1
Air Magic      | 2 3 4 |  4.1
Earth Magic    | 2 3 4 |  4.1
Poison Magic   | 2 3 4 |  4.1
Invocations    | 2 3 4 5 |  5.5
Evocations     | 2 3 4 5 |  5.0

Action                   |  1- 3 |  4- 6 || total
-------------------------+-------+-------++-------
Melee: Falchion          |     3 |    25 ||    28
       Bite              |       |     2 ||     2
       Punch             |       |     1 ||     1
  Use: Potion            |     1 |     2 ||     3
 Stab: Invisible         |       |     2 ||     2
Armor: Leather armour    |     2 |     5 ||     7
Dodge: Dodged            |       |     5 ||     5

Table legend: (Time is in decaauts)
 A = Elapsed time spent in this place.
 B = Non-inter-level travel time spent in this place.
 C = Inter-level travel time spent in this place.
 D = Time resting spent in this place.
 E = Time spent auto-exploring this place.
 F = Levels seen in this place.
 G = Mean time per level.
                   A        B        C        D        E       F      G
               +--------+--------+--------+--------+--------+-----+--------+
         Total |    199 |    199 |      0 |    152 |      0 |   1 |  199.0 |
       Dungeon |    199 |    199 |      0 |    152 |      0 |   1 |  199.0 |
               +--------+--------+--------+--------+--------+-----+--------+

Top non-repeatable levels by time:
       D: 199 daAuts
